 Dungeon Crawl Stone Soup version 0.21-a0-286-g6fcecc0 (webtiles) character file.

173 Goblin1989 the Skirmisher (level 5, -3/46 HPs)
             Began as a Draconian Fighter on Sept 28, 2017.
             Was an Initiate of Okawaru.
             Slain by a kobold
             ... wielding a +0 short sword
              (5 damage)
             ... on level 2 of the Dungeon.
             The game lasted 00:03:49 (1550 turns).

Goblin1989 the Skirmisher (Draconian Fighter)       Turns: 1550, Time: 00:03:49

Health: -3/46      AC:  5    Str: 24    XL:     5   Next: 28%
Magic:  5/5        EV: 10    Int:  9    God:    Okawaru [......]
Gold:   60         SH: 10    Dex: 10    Spells: 4/4 levels left

rFire    . . .     SeeInvis .   a - +1 flail
rCold    . . .     Gourm    .   b - +1 shield
rNeg     . . .     Faith    .   (armour unavailable)
rPois    .         Spirit   .   (helmet restricted)
rElec    .         Reflect  .   (no cloak)
rCorr    .         Harm     .   (no gloves)
MR       .....                  (no boots)
Stlth    +.........             u - amulet of inaccuracy (curse)
HPRegen  0.15/turn              (no ring)
MPRegen  0.09/turn              (no ring)

@: mighty
A: unfitting armour, cold-blooded, AC +5
a: Renounce Religion


You were on level 2 of the Dungeon.
You worshipped Okawaru.
Okawaru was noncommittal.
You were not hungry.

You visited 1 branch of the dungeon, and saw 2 of its levels.

You collected 60 gold pieces.

Inventory:

Hand Weapons
 a - a +1 flail (weapon)
Armour
 b - a +1 shield (worn)
Jewellery
 u - a cursed amulet of inaccuracy (around neck)
Potions
 c - a potion of might
 i - a potion of curing {@q1}
 k - 2 potions of agility {unknown}
 l - a potion of flight {unknown}
Comestibles
 e - 3 bread rations {@e1}
 p - 3 royal jellies
 r - 2 chunks of flesh


   Skills:
 + Level 4.1 Fighting
 * Level 3.9 Maces & Flails
 + Level 3.3 Dodging
 + Level 3.8 Shields


You had 4 spell levels left.
You didn't know any spells.

Dungeon Overview and Level Annotations

Branches:
Dungeon (2/15)

Altars:
Okawaru


Innate Abilities, Weirdness & Mutations

Your plain brown scales are hard. (AC +5)
You cannot fit into any form of body armour.
You are cold-blooded and may be slowed by cold attacks.


Message History

You sock the goblin!
You kill the goblin!
Okawaru accepts your kill. You block the jackal's attack.
You hit the jackal but do no damage. The jackal barely misses you.
You block the jackal's attack.
You sock the jackal!
You kill the jackal!
Okawaru accepts your kill.
You miss the jackal. The jackal closely misses you.
The jackal bites you but does no damage.
The kobold throws a stone.
The stone hits you but does no damage.
Unknown command.
You hit the jackal but do no damage.
The jackal bites you but does no damage.
The kobold throws a stone.
You block the stone. The jackal bites you.
* * * LOW HITPOINT WARNING * * *
You take 1 damage, and have 18/40 hp.
You hit the jackal.
The jackal is lightly wounded.
The jackal barely misses you.
The kobold throws a stone.
The stone hits you but does no damage. The jackal closely misses you.
You closely miss the jackal.
The jackal is lightly wounded.
You block the jackal's attack. You block the goblin's attack.
The jackal bites you but does no damage.
You feel very mighty all of a sudden. You block the goblin's attack.
You block the jackal's attack.
You barely miss the jackal. You tail-slap the jackal.
You kill the jackal!
Okawaru accepts your kill. The goblin hits you but does no damage.
You block the goblin's attack. x2
You closely miss the goblin. The goblin hits you but does no damage.
The goblin barely misses you.
You closely miss the goblin. You block the goblin's attack. x2
You miss the goblin.
Your tail-slap misses the goblin.
The goblin hits you but does no damage. You block the goblin's attack.
You closely miss the goblin.
Your tail-slap misses the goblin.
You block the goblin's attack. The goblin hits you with a club.
* * * LOW HITPOINT WARNING * * *
The goblin hits you but does no damage.
You take 2 damage, and have 17/40 hp.
You closely miss the goblin. You block the goblin's attack.
The goblin barely misses you.
You sock the goblin!
You kill the goblin!
Okawaru accepts your kill.
The centaur unwields an uncursed shortbow.
The centaur misses you. The goblin barely misses you.
You miss the centaur. The centaur hits you!
* * * LOW HITPOINT WARNING * * *
The goblin hits you but does no damage. The centaur hits you.
* * * LOW HITPOINT WARNING * * *
You take 11 damage, and have 7/40 hp.
MASSIVE DAMAGE!!
You closely miss the centaur. The centaur misses you.
You block the goblin's attack. The centaur hits you.
* * * LOW HITPOINT WARNING * * *
The goblin hits you but does no damage.
You take 2 damage, and have 5/40 hp.
Unknown command.
You closely miss the centaur. You block the centaur's attack.
The centaur barely misses you. The goblin closely misses you.
Unknown command.
You sock the centaur!
The centaur is severely wounded.
The centaur barely misses you. The centaur closely misses you.
The goblin hits you with a club.
* * * LOW HITPOINT WARNING * * *
You take 3 damage, and have 2/40 hp.
Unknown command.
You sock the centaur!
The centaur is almost dead.
You block the centaur's attack. The goblin barely misses you.
You block the centaur's attack.
Unknown command.
You completely miss the centaur.
The centaur is almost dead.
The centaur barely misses you. The goblin hits you with a club.
* * * LOW HITPOINT WARNING * * *
The centaur hits you but does no damage.
You take 1 damage, and have 1/40 hp.
Unknown command.
You closely miss the centaur.
Your tail-slap misses the centaur.
The centaur is almost dead.
You block the centaur's attack. The goblin barely misses you.
The centaur barely misses you.
Unknown command.
You sock the centaur!
You kill the centaur!
Okawaru accepts your kill.
Your Fighting skill increases to level 4!
You have reached level 5!
The goblin hits you but does no damage.
MP restored: 5 You sock the goblin!
You kill the goblin!
Okawaru accepts your kill.
The kobold throws a stone.
The stone hits you but does no damage.
You barely miss the kobold. The kobold hits you with a short sword.
You die...

▓▓▓▓▓█.............▓▓▓·▓
█..>†.........▓ ▓·▓
█...†((.....%.▓ ▓·▓
█...).........▓▓▓·▓
█.......(.....··▓·▓
█...███████████▓▓·█
█..(█.█.█..!█.█·█.█
█.....█h..█.K.█...▓
███.█...█.█@█·..█·▓▓▓▓▓▓▓▓▓
█.█...█c█)█...█·▓▓······▓
█...█...█...█···▓▓·▓▓▓▓·▓
███.█.█.(.█.█·▓·▓▓·▓ ▓·▓
███████████▓▓····▓ ▓·▓
▓·▓▓▓▓▓▓▓▓▓·▓ ▓···········▓
▓▓▓▓▓▓▓▓▓▓▓▓▓


You could see a kobold.

Vanquished Creatures
  A centaur (D:2)
  4 adders (D:2)
  3 dart slugs
  A leopard gecko (D:1)
  2 giant cockroaches (D:2)
  10 goblins
  3 hobgoblins (D:1)
  4 jackals (D:2)
  5 kobolds
  5 bats
  4 frilled lizards
  8 rats
50 creatures vanquished.

Notes
Turn   | Place    | Note
-------+----------+-------------------------------------------
     0 | D:1      | Goblin1989 the Draconian Fighter began the quest for the Orb.
     0 | D:1      | Reached XP level 1. HP: 19/19 MP: 1/1
   250 | D:1      | Reached XP level 2. HP: 23/26 MP: 2/2
   794 | D:1      | Reached XP level 3. HP: 31/31 MP: 3/3
  1310 | D:2      | Reached XP level 4. HP: 40/40 MP: 4/4
  1470 | D:2      | Found a faded altar of an unknown god.
  1470 | D:2      | Found an iron altar of Okawaru.
  1477 | D:2      | Found a faded altar of an unknown god.
  1480 | D:2      | Became a worshipper of Warmaster Okawaru
  1500 | D:2      | Noticed a centaur
  1544 | D:2      | HP: 2/40 [goblin/club (3)]
  1548 | D:2      | Killed a centaur
  1548 | D:2      | Reached skill level 4 in Fighting
  1548 | D:2      | Reached XP level 5. HP: 1/46 MP: 5/5
  1550 | D:2      | Slain by a kobold

Vault maps used:
D:1:      giann_forest_graveyard, minmay_quantized
D:2:      chequers_temple_overflow_minitemple, minmay_misc_feat_alley

Skill      XL: |  1  2  3  4 |
---------------+-------------+-----
Dodging        | 3 |  3.3
Maces & Flails | 3 |  3.9
Fighting       | 4 |  4.1
Shields        | |  3.8

Action                   |  1- 3 |  4- 6 || total
-------------------------+-------+-------++-------
Melee: Flail             |   120 |    53 ||   173
       Tailslap          |     8 |     3 ||    11
  Use: Scroll            |       |     8 ||     8
       Potion            |       |     1 ||     1
  Eat: Chunk             |     1 |     1 ||     2
Armor: Skin              |    36 |    25 ||    61
Dodge: Dodged            |    61 |    51 ||   112
Block: Shield            |    54 |    50 ||   104

Table legend:
 A = Spawn XP
 B = Non-spawn XP
 C = Spawn XP percentage of total XP
 D = Spawn monster count
 E = Non-spawn monster count
 F = Spawn count percentage of total count
 G = Total turns spent on level
                    A         B        C        D         E        F      G
               +---------+---------+-------+---------+---------+-------+---------
         Total |       0 |     248 |   0.0 |       0 |      50 |   0.0 |  1550
               +---------+---------+-------+---------+---------+-------+---------
           D:1 |       0 |      44 |   0.0 |       0 |      27 |   0.0 |   933
           D:2 |       0 |     204 |   0.0 |       0 |      23 |   0.0 |   617
               +---------+---------+-------+---------+---------+-------+---------

Vault maps used:
D:1:      giann_forest_graveyard, minmay_quantized
D:2:      chequers_temple_overflow_minitemple, minmay_misc_feat_alley
